 Dungeon Crawl Stone Soup version 0.23-a0-673-g3803c42f16 (webtiles) character file.

22874 D1HalberdGnoll the Martial Artist (level 13, -4/102 (103) HPs)
             Began as a Gnoll Wanderer on Jan 9, 2019.
             Was a Priest of Ashenzari.
             Engulfed by a death drake's foul pestilence (10 damage)
             ... in a Gauntlet.
             The game lasted 00:21:27 (17146 turns).

D1HalberdGnoll the Martial Artist (Gnoll Wanderer) Turns: 17146, Time: 00:21:28

HP:   -4/102 (103)  AC: 14    Str: 19    XL:     13   Next: 3%
MP:   0/24          EV: 15    Int: 11    God:    Ashenzari [***...]
Gold: 1024          SH: 13    Dex: 24    Spells: 27/27 levels left

rFire    . . .     SeeInvis +     - Unarmed
rCold    . . .     Gourm    .   s - +1 shield
rNeg     . . .     Faith    .   k - +0 plate armour
rPois    +         Spirit   +   n - +1 helmet
rElec    .         Reflect  .   e - scarf {Spirit} (curse)
rCorr    .         Harm     .   o - +0 pair of gloves
MR       .....     NoTele   +   r - +1 pair of boots
Stlth    +.........             (no amulet)
HPRegen  0.27/turn              G - +3 ring of slaying
MPRegen  0.19/turn              P - ring of poison resistance

@: agile, lethally poisoned (-4 -> -51), berserk cooldown, very slightly
contaminated, slowed, very slow
A: distributed training, fangs 1, deformed body, sense surroundings 1, screaming
1, strong nose
a: Curse Item, Scrying, Renounce Religion


You were in a Gauntlet.
You worshipped Ashenzari.
Ashenzari was most pleased with you.
You were not hungry.

You visited 2 branches of the dungeon, and saw 14 of its levels.
You also visited: Gauntlet.

You collected 1024 gold pieces.

Inventory:

Missiles
 N - a throwing net (quivered)
Armour
 a - the cursed +0 helmet of Varulaykh {Dex+8}
   (You found it in a Gauntlet)

   It affects your dexterity (+8).
   It has a curse placed upon it.
 e - a cursed scarf of spirit shield (worn)
 k - a +0 plate armour (worn)
 n - a +1 helmet (worn)
 o - a +0 pair of gloves (worn)
 r - a +1 pair of boots (worn)
 s - a +1 shield (worn)
Jewellery
 f - an uncursed ring of flight
 D - an uncursed ring of protection from cold
 G - a +3 ring of slaying (left hand)
 P - a ring of poison resistance (right hand)
Wands
 E - a wand of random effects (23)
 I - a wand of digging (4)
 L - a wand of paralysis (5)
 M - a wand of polymorph (5)
 R - a wand of flame (13)
Scrolls
 d - 5 scrolls of teleportation
 h - 3 scrolls of identify
 i - 2 scrolls of enchant armour
 m - 3 scrolls of noise
 v - 8 scrolls of remove curse
 x - 2 scrolls of immolation
 A - a scroll of fear
 O - a scroll of magic mapping
Potions
 j - 2 potions of magic
 p - a potion of might {unknown}
 q - 3 potions of flight
 u - 2 potions of ambrosia
 C - 2 potions of cancellation
 H - 2 potions of berserk rage
Miscellaneous
 t - a phantom mirror
Comestibles
 g - 23 rations


   Skills:
 + Level 10.1 Fighting
 + Level 7.7 Short Blades
 + Level 7.7 Long Blades
 + Level 7.7 Axes
 + Level 7.7 Maces & Flails
 + Level 7.7 Polearms
 + Level 7.7 Staves
 + Level 7.7 Slings
 + Level 7.7 Bows
 + Level 7.7 Crossbows
 + Level 7.7 Throwing
 + Level 7.7 Armour
 + Level 7.7 Dodging
 + Level 8.9 Stealth
 + Level 8.2 Shields
 + Level 10.1 Unarmed Combat
 + Level 7.7 Spellcasting
 + Level 6.4 Conjurations
 + Level 6.4 Hexes
 + Level 6.4 Charms
 + Level 6.4 Summonings
 + Level 6.4 Necromancy
 + Level 6.4 Translocations
 + Level 6.4 Transmutations
 + Level 6.4 Fire Magic
 + Level 6.4 Ice Magic
 + Level 6.4 Air Magic
 + Level 6.4 Earth Magic
 + Level 6.4 Poison Magic
 + Level 8.4 Invocations
 + Level 8.2 Evocations


You had 27 spell levels left.
You didn't know any spells.
Your spell library contained the following spells:

 Spells                   Type           Power        Failure   Level  Hunger
 Summon Small Mammal      Summ           ###.         54%         1    None
 Call Imp                 Summ           ###.....     69%         2    #......
 Call Canine Familiar     Summ           ###.....     89%         3    ###....
 Summon Guardian Golem    Hex/Summ       ###.....     89%         3    ###....
 Summon Ice Beast         Ice/Summ       ###.....     100%        4    ####...
 Summon Lightning Spire   Summ/Air       ###.....     100%        4    ####...


Dungeon Overview and Level Annotations

Branches:
Dungeon (11/15)            Temple (0/1) D:6            Lair (3/6) D:11
  Snake (0/4) Lair:2          Orc (0/2) D:10
  Swamp: Lair:2-4    Shoals: Lair:2-4

Altars:
Ashenzari
Cheibriados
Dithmenos
Fedhas
Gozag
Hepliaklqana
Kikubaaqudgha
Makhleb
Sif Muna
Uskayaw
Vehumet
Wu Jian
Xom
Yredelemnul

Shops:
D:11 *

Annotations:
Lair:2 exclusion: oklob plant
Lair:3 3 runed doors, D1HalberdGnoll's ghost, journeyman GnWn Gauntlet 7 transporters


Innate Abilities, Weirdness & Mutations

Your experience applies equally to all skills.
You have very sharp teeth.
Your uncanny sense of smell can sniff out nearby items.
Armour fits poorly on your strangely shaped body.
You passively map a small area around you.
You occasionally shout uncontrollably at your foes.


Message History

* * * LOW HITPOINT WARNING * * *
You are no longer berserk.
You are exhausted.
You feel as though you will be slow longer.
It was a potion of heal wounds.
You feel much better.
The death drake enters a dispersal trap!
You blink.
The death drake blinks!
The chaos spawn roars deafeningly!
The chaos spawn gurgles horribly!
The death drake enters a dispersal trap!
You blink.
The death drake blinks!
The death drake breathes miasma at you. The foul vapour engulfs you!
You are poisoned.
You feel your flesh rotting away!
You feel as though you will be slow longer.
* * * LOW HITPOINT WARNING * * *
It was a potion of agility.
You feel agile all of a sudden.
You are engulfed in dark miasma.
You are more poisoned.
You die...

#. ##..#©##©.###©©#©##©##.#©©#
#..*#§..#[.##..#####?#.#.#.####
#..###..#=%.##..#..#4#.#.#.#..#
#....#..#..Y....#..#4..#...#..#
#...©#..#########..#########..#
*
#....#.∩.......................
.....#.........................
#...©#..###########..##########
#....#..#..°°°@°°°#..#.........
,
#..###..#.##°°☼##§#..#.#.....#.
#.. #§..#○^##k##..#..#..##.##..
* #.,
##..#°..#.#...####..##.##..
#≈..#©..#©....#©©#©.#.©.#.. ,
##..#...#.#...####..##.##.. *
#§..#[{##.##..#..#[.##.##..
##..#.##§..##.#..#.#.....#.
#≈..#.......^.#..#.........


You could see a death drake, an elephant and 2 chaos spawn.

Vanquished Creatures
  4 hydras
  2 two-headed ogres
  A soul eater (Gauntlet)
  An unseen horror (D:10)
  A manticore (Lair:1)
  A spectral wolf spider (Gauntlet)
  An oklob plant (Gauntlet)
  A cyclops (D:7)
  A black mamba (Lair:2)
  4 spiny frogs (Lair:2)
  2 komodo dragons (Lair:1)
  A rime drake (Lair:1)
  A centaur skeleton (D:9)
  Prince Ribbit (D:6)
  4 trolls
  2 dream sheep (D:10)
  3 hippogriffs
  Grinder (D:3)
  A shadow (D:11)
  Sigmund (D:6)
  A wyvern (Lair:3)
  16 yaks
  A steam dragon (D:9)
  3 hungry ghosts (D:10)
  Menkaure (D:5)
  An acid dragon (Gauntlet)
  6 porcupines
  12 water moccasins
  2 sky beasts
  4 ice beasts
  2 orc warriors
  2 phantoms
  2 ogres
  5 wolves (Lair:1)
  6 centaurs
  6 crocodiles
  5 big kobolds
  11 bullfrogs
  A gnoll sergeant (D:10)
  5 scorpions
  A wyvern skeleton (D:7)
  2 troll zombies (D:10)
  8 killer bees
  2 howler monkeys
  4 centaur zombies
  8 crimson imps
  6 hounds
  A jelly (D:10)
  9 orc wizards
  7 orc priests
  Jessica (D:2)
  4 iguanas (D:8)
  8 worker ants
  4 ogre zombies (D:10)
  2 hound skeletons (D:5)
  A worker ant zombie (D:6)
  A howler monkey skeleton (D:10)
  7 adders
  5 gnolls
  4 shadow imps
  3 oozes
  An adder skeleton (D:4)
  3 worms
  5 dart slugs
  9 leopard geckos
  26 orcs
  3 giant cockroaches
  7 goblins
  7 hobgoblins
  12 jackals
  6 quokkas
  A ball python (D:2)
  12 bats
  3 frilled lizards (D:3)
  A goblin skeleton (D:10)
  5 goblin zombies (D:10)
  A hobgoblin zombie (D:10)
  16 kobolds
  A leopard gecko zombie (D:6)
  An orc skeleton (D:10)
  10 orc zombies (D:10)
  2 quokka zombies
  6 rats
352 creatures vanquished.

Vanquished Creatures (others)
  An adder (D:9)
  A demonic plant (Gauntlet)
2 creatures vanquished.

Grand Total: 354 creatures vanquished

Notes
Turn   | Place    | Note
-------+----------+-------------------------------------------
     0 | D:1      | D1HalberdGnoll the Gnoll Wanderer began the quest for the
                  | Orb.
     0 | D:1      | D1HalberdGnoll set off with the following items: a scroll
                  | of blinking, a potion of haste, a potion of curing, a
                  | scroll of teleportation, a +0 robe, a +0 dagger, a ration
     0 | D:1      | Reached XP level 1. HP: 23/23 MP: 2/2
    26 | D:1      | Reached XP level 2. HP: 18/29 MP: 3/3
   376 | D:1      | Reached XP level 3. HP: 32/35 MP: 4/4
   638 | D:2      | Reached skill level 1 in Invocations
   781 | D:2      | Reached skill level 1 in Short Blades
   781 | D:2      | Reached skill level 1 in Long Blades
   781 | D:2      | Reached skill level 1 in Axes
   781 | D:2      | Reached skill level 1 in Maces & Flails
   781 | D:2      | Reached skill level 1 in Polearms
   781 | D:2      | Reached skill level 1 in Staves
   781 | D:2      | Reached skill level 1 in Slings
   781 | D:2      | Reached skill level 1 in Bows
   781 | D:2      | Reached skill level 1 in Crossbows
   781 | D:2      | Reached skill level 1 in Throwing
   781 | D:2      | Reached skill level 1 in Armour
   781 | D:2      | Reached skill level 1 in Dodging
   781 | D:2      | Reached skill level 1 in Spellcasting
   781 | D:2      | Reached XP level 4. HP: 36/41 MP: 4/6
   999 | D:2      | Noticed Jessica
  1012 | D:2      | Killed Jessica
  1012 | D:2      | Reached skill level 1 in Conjurations
  1012 | D:2      | Reached skill level 1 in Hexes
  1012 | D:2      | Reached skill level 1 in Charms
  1012 | D:2      | Reached skill level 1 in Summonings
  1012 | D:2      | Reached skill level 1 in Necromancy
  1012 | D:2      | Reached skill level 1 in Translocations
  1012 | D:2      | Reached skill level 1 in Transmutations
  1012 | D:2      | Reached skill level 1 in Fire Magic
  1012 | D:2      | Reached skill level 1 in Ice Magic
  1012 | D:2      | Reached skill level 1 in Air Magic
  1012 | D:2      | Reached skill level 1 in Earth Magic
  1012 | D:2      | Reached skill level 1 in Poison Magic
  1458 | D:2      | Reached XP level 5. HP: 33/47 MP: 7/7
  2176 | D:3      | Noticed Grinder
  2201 | D:3      | Paralysed by Grinder for 4 turns
  2213 | D:3      | Killed Grinder
  2213 | D:3      | Reached XP level 6. HP: 32/53 MP: 5/8
  2264 | D:3      | Found a shattered altar of Ashenzari.
  2302 | D:3      | Found a faded altar of an unknown god.
  2324 | D:3      | Became a worshipper of Ashenzari the Shackled
  3340 | D:3      | Reached XP level 7. HP: 29/59 MP: 7/10
  3765 | D:4      | Found a basalt altar of Yredelemnul.
  3851 | D:4      | Reached * piety under Ashenzari
  3872 | D:4      | Found a hide-covered altar of Uskayaw.
  4038 | D:5      | Entered Level 5 of the Dungeon
  4119 | D:5      | Noticed Menkaure
  4131 | D:5      | Killed Menkaure
  4131 | D:5      | Reached skill level 5 in Stealth
  4450 | D:5      | Reached XP level 8. HP: 67/67 MP: 12/12
  4931 | D:6      | Found a shimmering altar of Xom.
  5345 | D:6      | Noticed Prince Ribbit
  5349 | D:6      | Noticed Sigmund
  5372 | D:6      | Killed Sigmund
  5377 | D:6      | Killed Prince Ribbit
  5377 | D:6      | Reached XP level 9. HP: 31/72 MP: 5/14
  5624 | D:6      | Found a radiant altar of Vehumet.
  5639 | D:6      | Found an ancient bone altar of Kikubaaqudgha.
  5653 | D:6      | Found a deep blue altar of Sif Muna.
  5868 | D:6      | Found a staircase to the Ecumenical Temple.
  5994 | D:6      | Noticed a troll
  6010 | D:6      | Killed a troll
  6069 | D:6      | Noticed a seven-headed hydra
  6371 | D:6      | Killed a seven-headed hydra
  6371 | D:6      | Reached skill level 5 in Shields
  6371 | D:6      | Reached skill level 5 in Evocations
  6535 | D:7      | Reached skill level 5 in Invocations
  6676 | D:7      | Reached ** piety under Ashenzari
  6691 | D:7      | Noticed a troll
  6709 | D:7      | Killed a troll
  6833 | D:7      | Reached XP level 10. HP: 64/80 MP: 12/17
  6894 | D:7      | Noticed a cyclops
  6909 | D:7      | Killed a cyclops
  7198 | D:7      | Found a shadowy altar of Dithmenos.
  7207 | D:7      | Found an opulent altar of Gozag.
  7216 | D:7      | Reached skill level 5 in Short Blades
  7216 | D:7      | Reached skill level 5 in Long Blades
  7216 | D:7      | Reached skill level 5 in Axes
  7216 | D:7      | Reached skill level 5 in Maces & Flails
  7216 | D:7      | Reached skill level 5 in Polearms
  7216 | D:7      | Reached skill level 5 in Staves
  7216 | D:7      | Reached skill level 5 in Slings
  7216 | D:7      | Reached skill level 5 in Bows
  7216 | D:7      | Reached skill level 5 in Crossbows
  7216 | D:7      | Reached skill level 5 in Throwing
  7216 | D:7      | Reached skill level 5 in Armour
  7216 | D:7      | Reached skill level 5 in Dodging
  7216 | D:7      | Reached skill level 5 in Spellcasting
  7219 | D:7      | Found a snail-covered altar of Cheibriados.
  7222 | D:7      | Found a blossoming altar of Fedhas.
  8644 | D:8      | Found a burning altar of Makhleb.
  8779 | D:8      | Noticed a cacodemon
  8866 | D:8      | Found an ornate altar of the Wu Jian Council.
  9344 | D:9      | Noticed a two-headed ogre
  9355 | D:9      | Killed a two-headed ogre
  9355 | D:9      | Reached XP level 11. HP: 46/87 MP: 10/19
  9743 | D:10     | Entered Level 10 of the Dungeon
  9780 | D:10     | Found a staircase to the Orcish Mines.
 10196 | D:10     | Killed an unseen horror
 10196 | D:10     | Reached skill level 5 in Conjurations
 10196 | D:10     | Reached skill level 5 in Hexes
 10196 | D:10     | Reached skill level 5 in Charms
 10196 | D:10     | Reached skill level 5 in Summonings
 10196 | D:10     | Reached skill level 5 in Necromancy
 10196 | D:10     | Reached skill level 5 in Translocations
 10196 | D:10     | Reached skill level 5 in Transmutations
 10196 | D:10     | Reached skill level 5 in Fire Magic
 10196 | D:10     | Reached skill level 5 in Ice Magic
 10196 | D:10     | Reached skill level 5 in Air Magic
 10196 | D:10     | Reached skill level 5 in Earth Magic
 10196 | D:10     | Reached skill level 5 in Poison Magic
 11067 | D:10     | Reached *** piety under Ashenzari
 11318 | D:10     | Noticed a two-headed hydra
 11332 | D:10     | Killed a two-headed hydra
 12240 | D:11     | Found a staircase to the Lair.
 12242 | D:11     | Noticed a two-headed ogre
 12266 | D:11     | Killed a two-headed ogre
 12266 | D:11     | Reached XP level 12. HP: 53/96 MP: 16/22
 13148 | D:11     | Found Iwnot's Assorted Antiques.
 13347 | Lair:1   | Entered Level 1 of the Lair of Beasts
 13407 | Lair:1   | Noticed Nergalle
 13412 | Lair:1   | Noticed Nergalle
 13412 | Lair:1   | Nergalle changed into Nergalle the manticore
 13423 | Lair:1   | Killed Nergalle the manticore
 15023 | Lair:2   | Found a hazy altar of Hepliaklqana.
 15247 | Lair:2   | Found a staircase to the Snake Pit.
 15560 | Lair:2   | Noticed a five-headed hydra
 15570 | Lair:2   | Killed a five-headed hydra
 15572 | Lair:2   | Noticed a five-headed hydra
 15724 | Lair:2   | Killed a five-headed hydra
 15724 | Lair:2   | Reached skill level 10 in Fighting
 15724 | Lair:2   | Reached skill level 10 in Unarmed Combat
 16088 | Lair:3   | Found a runed gate.
 16088 | Lair:3   | Noticed a death yak
 16089 | Lair:3   | Found a runed gate.
 16089 | Lair:3   | Found a runed gate.
 16089 | Lair:3   | Noticed a four-headed hydra
 16090 | Lair:3   | Noticed D1HalberdGnoll's ghost (journeyman GnWn)
 16314 | Lair:3   | Found a gate leading to a gauntlet.
 16348 | Gauntlet | Entered a Gauntlet
 16348 | Gauntlet | Found a transporter.
 16348 | Gauntlet | Found a transporter.
 16348 | Gauntlet | Found a transporter.
 16349 | Gauntlet | Found a transporter.
 16360 | Gauntlet | Found a transporter.
 16363 | Gauntlet | Found a transporter.
 16371 | Gauntlet | Found a transporter.
 16374 | Gauntlet | Found a transporter.
 16390 | Gauntlet | Found a transporter.
 16393 | Gauntlet | Noticed a dire elephant
 16400 | Gauntlet | Found a transporter.
 16420 | Gauntlet | Found a transporter.
 16421 | Gauntlet | Found a transporter.
 16422 | Gauntlet | Noticed a soul eater
 16863 | Gauntlet | Killed a soul eater
 17116 | Gauntlet | Reached XP level 13. HP: 26/103 MP: 7/24
 17130 | Gauntlet | HP: 3/102 [death drake] (14)]
 17133 | Gauntlet | Gained mutation: You occasionally shout uncontrollably at
                  | your foes. [potion of mutation]
 17133 | Gauntlet | Gained mutation: Armour fits poorly on your strangely
                  | shaped body. [potion of mutation]
 17133 | Gauntlet | Gained mutation: You passively map a small area around you.
                  | [potion of mutation]
 17135 | Gauntlet | Got the cursed helmet of Varulaykh {Dex+8}
 17146 | Gauntlet | Engulfed by a death drake's foul pestilence

Vault maps used:
D:1:      co_arrival_square_in_a_square_in_a_square, st_stairs_9
D:2:      uniq_jessica
D:3:      overflow_temple_1_default, chequers_ecumenical_altar_island,
          minmay_starry_boxes, uniq_grinder
D:4:      old_standard_altar, yredelemnul_altar_generic
D:5:      first_ration, uniq_menkaure
D:6:      palyth_temple_overflow_mages, minmay_temple_entry_offerings,
          basic_altar, minmay_three_doors, uniq_prince_ribbit1, uniq_sigmund
D:7:      grunt_temple_overflow_cloverleaf
D:8:      makhleb_altar_promises_db, lemuel_coloured_pillars_altar
D:9:      serial_column_ruins, column_ruins_square_small, column_ruins_grid_3,
          column_ruins_corridor_straight, column_ruins_open_small,
          column_ruins_corridor_plus
D:10:     zombieorc1_lemuel, hangedman_ranch
D:11:     lair_entry_dummy, serial_glass, glass_columns_c, glass_columns_b,
          glass_columns_b, glass_columns_c, glass_columns_a, serial_shops,
          kennysheep_mini
Lair:1:   lemuel_fruit_tree, infiniplex_staircase_pool_2, uniq_nergalle
Lair:2:   dummy_snake_entry, lemuel_oklob_altar
Lair:3:   gammafunk_ghost_split, gauntlet_entry_generic, grunt_megastairs_1,
          serial_bayou_shore_a
Gauntlet: minmay_gauntlet_mixed_big_or_small

Skill      XL: |  1  2  3  4  5  6  7  8  9 10 11 12 |
---------------+-------------------------------------+-----
Invocations    | 1 2 3 4 5 6 7 8 |  8.4
Short Blades   | 1 2 3 4 5 6 7 |  7.7
Long Blades    | 1 2 3 4 5 6 7 |  7.7
Axes           | 1 2 3 4 5 6 7 |  7.7
Maces & Flails | 1 2 3 4 5 6 7 |  7.7
Polearms       | 1 2 3 4 5 6 7 |  7.7
Staves         | 1 2 3 4 5 6 7 |  7.7
Slings         | 1 2 3 4 5 6 7 |  7.7
Bows           | 1 2 3 4 5 6 7 |  7.7
Crossbows      | 1 2 3 4 5 6 7 |  7.7
Throwing       | 1 2 3 4 5 6 7 |  7.7
Armour         | 1 2 3 4 5 6 7 |  7.7
Dodging        | 1 2 3 4 5 6 7 |  7.7
Spellcasting   | 1 2 3 4 5 6 7 |  7.7
Conjurations   | 1 2 3 4 5 6 |  6.4
Hexes          | 1 2 3 4 5 6 |  6.4
Charms         | 1 2 3 4 5 6 |  6.4
Summonings     | 1 2 3 4 5 6 |  6.4
Necromancy     | 1 2 3 4 5 6 |  6.4
Translocations | 1 2 3 4 5 6 |  6.4
Transmutations | 1 2 3 4 5 6 |  6.4
Fire Magic     | 1 2 3 4 5 6 |  6.4
Ice Magic      | 1 2 3 4 5 6 |  6.4
Air Magic      | 1 2 3 4 5 6 |  6.4
Earth Magic    | 1 2 3 4 5 6 |  6.4
Poison Magic   | 1 2 3 4 5 6 |  6.4
Shields        | 3 4 5 6 7 8 |  8.2
Evocations     | 3 4 5 6 7 8 |  8.2
Fighting       | 7 8 9 10 | 10.1
Unarmed Combat | 7 8 9 10 | 10.1
Stealth        | 5 6 7 8 |  8.9

Action                   |  1- 3 |  4- 6 |  7- 9 | 10-12 | 13-15 || total
-------------------------+-------+-------+-------+-------+-------++-------
Melee: Unarmed           |    74 |   182 |   377 |  1323 |     8 ||  1964
       Bite              |     6 |    20 |    61 |   225 |     1 ||   313
       Punch             |     1 |     5 |       |       |       ||     6
Invok: Curse Item        |       |     1 |       |       |       ||     1
Evoke: Wand              |       |       |     4 |     8 |       ||    12
  Use: Potion            |       |     3 |     2 |     4 |     6 ||    15
       Scroll            |       |     4 |     1 |    13 |     2 ||    20
 Stab: Sleeping          |     4 |     3 |       |       |       ||     7
       Distracted        |       |     1 |       |     1 |       ||     2
       Paralysed         |       |       |       |     1 |       ||     1
  Eat: Chunk             |       |     3 |     6 |    17 |       ||    26
       Ration            |       |     2 |     1 |     9 |       ||    12
Armor: Robe              |    19 |     2 |       |       |       ||    21
       Plate armour      |       |   154 |   237 |   577 |    17 ||   985
Dodge: Dodged            |    47 |    58 |    89 |   381 |     5 ||   580
Block: Shield            |       |    50 |   219 |   807 |     6 ||  1082

Table legend:
 A = Non-vault XP
 B = Vault XP
 C = Vault XP percentage of total XP
 D = Non-vault monster count
 E = Vault monster count
 F = Vault count percentage of total count
                 A         B        C        D         E       F
            +---------+---------+-------+---------+---------+-------
      Total |   24073 |    8605 |  26.3 |     287 |      65 |  18.5
            +---------+---------+-------+---------+---------+-------
        D:1 |      42 |       4 |   8.7 |      20 |       3 |  13.0
        D:2 |      87 |      37 |  29.8 |      20 |       1 |   4.8
        D:3 |     193 |     277 |  58.9 |      27 |       8 |  22.9
        D:4 |     219 |       0 |   0.0 |       8 |       0 |   0.0
        D:5 |     433 |     172 |  28.4 |      12 |       1 |   7.7
        D:6 |     749 |    1914 |  71.9 |      24 |       7 |  22.6
        D:7 |    1687 |       0 |   0.0 |      19 |       0 |   0.0
        D:8 |    2147 |       0 |   0.0 |      31 |       0 |   0.0
        D:9 |    2092 |       0 |   0.0 |      12 |       0 |   0.0
       D:10 |    3317 |    3028 |  47.7 |      39 |      35 |  47.3
       D:11 |    3584 |       0 |   0.0 |      33 |       0 |   0.0
     Lair:1 |    2978 |     572 |  16.1 |      18 |       1 |   5.3
     Lair:2 |    6066 |       0 |   0.0 |      21 |       0 |   0.0
     Lair:3 |     479 |     244 |  33.7 |       3 |       2 |  40.0
   Gauntlet |       0 |    2357 | 100.0 |       0 |       7 | 100.0
            +---------+---------+-------+---------+---------+-------
